 Dungeon Crawl Stone Soup version 0.17.1-1-g73c8601 (webtiles) character file.

529 Flanowski the Sneak (level 7, 0/35 HPs)
             Began as a Vine Stalker Assassin on Dec 31, 2015.
             Slain by Edmund
             ... wielding a +0 flail of crushing
              (2 damage)
             ... on level 3 of the Dungeon.
             The game lasted 00:09:12 (3177 turns).

Flanowski the Sneak (Vine Stalker Assassin)         Turns: 3177, Time: 00:09:12

Health: 0/35       AC:  5    Str: 14    XL:     7   Next: 24%
Magic:  0/8        EV: 14    Int: 11    God:
Gold:   248        SH:  0    Dex: 17    Spells: 0 memorised, 6 levels left

rFire  . . .     SeeInvis .     a - +2 dagger
rCold  . . .     Clarity  .     c - +1 robe
rNeg   . . .     SustAt   .     (no shield)
rPois  .         Gourm    .     r - +0 helmet
rElec  .         Spirit   +     d - +0 cloak
rCorr  .         Warding  .     (no gloves)
rMut   +         Stasis   .     (no boots)
MR     +....                    z - amulet of resist mutation
Stlth  ++++......               (no ring)
                                m - ring of protection from magic

@: somewhat resistant to hostile enchantments, stealthy
A: fangs 2, regeneration 2, magic shield, antimagic bite, no device heal 3, rot
immunity
a: no special abilities


You were on level 3 of the Dungeon.
You were not hungry.

You visited 1 branch of the dungeon, and saw 5 of its levels.
You also visited: Sewer.

You collected 248 gold pieces.

Inventory:

Hand Weapons
 a - a +2 dagger (weapon)
 b - a +0 blowgun
Missiles
 e - 16 poisoned needles
 f - 2 curare-tipped needles
Armour
 c - a +1 robe (worn)
 d - a +0 cloak (worn)
 r - a +0 helmet (worn)
Jewellery
 m - a ring of protection from magic (left hand)
 z - an amulet of resist mutation (around neck)
Wands
 t - a wand of cold (3)
Scrolls
 k - 4 scrolls of identify {unknown}
 l - 4 scrolls of remove curse
 n - a scroll of amnesia {unknown}
 o - a scroll of teleportation
 q - 2 scrolls of blinking
 A - a scroll of enchant weapon {unknown}
Potions
 h - 2 potions of brilliance {unknown}
 p - 2 potions of beneficial mutation {unknown}
 u - 2 potions of heal wounds {unknown}
 v - 2 potions of might {unknown}
 w - 2 potions of magic {unknown}
 x - 2 potions of curing {unknown}
 B - a potion of flight {unknown}
Books
 y - a Necronomicon

   Spells                             Type                      Level
   a - Haunt                          Necromancy/Summoning         7
   b - Borgnjor's Revivification      Necromancy                   8
   c - Death's Door                   Charms/Necromancy            8
   d - Necromutation                  Transmutation/Necromancy     8
Comestibles
 g - 3 bread rations
 i - 4 fruits
 s - a meat ration


   Skills:
 + Level 2.6 Fighting
 + Level 2.7 Short Blades
 + Level 1.7 Throwing
 * Level 4.2 Dodging
 + Level 7.3 Stealth


You had 6 spell levels left.
You didn't know any spells.

Dungeon Overview and Level Annotations

Branches:
Dungeon (5/15)
 Temple: D:4-7

Altars:
Makhleb

Portals:
Ossuary: D:5

Annotations:
D:3 Edmund


Innate Abilities, Weirdness & Mutations

You have extremely sharp teeth.
You heal very quickly.
When hurt, damage is shared between your health and your magic reserves.
Your bite disrupts and absorbs the magic of your enemies.
Potions and wands cannot restore your health.
You are immune to rotting.


Message History

You closely miss Edmund. Your bite misses Edmund.
Edmund is severely wounded.
Edmund hits you but does no damage.
You hit Edmund but do no damage. Your bite misses Edmund.
Edmund is severely wounded.
You hit Edmund but do no damage. You bite Edmund, but do no damage.
Edmund is severely wounded.
Edmund barely misses you.
You hit Edmund but do no damage. You bite Edmund, but do no damage.
Edmund is severely wounded.
Edmund barely misses you. Edmund misses you.
There is a stone staircase leading up here.
Edmund hits you with a flail of crushing.
* * * LOW HITPOINT WARNING * * *
x2 You climb upwards.
There is a stone staircase leading down here.
Edmund hits you with a flail of crushing.
* * * LOW HITPOINT WARNING * * *
You die...

###.## #.#.# .....#
#...# ###.## ##..#
### #..# ##..# ###
#...# ##.## ##..#
##.#.##
#..#######.###.##
#####......@>....##.#
#..........@...#.#.##
#.####.######.#...##
#.# #.# #.##.##
######.####.# #.##.#
............# #.##.#
###....###### #.##.#
#.#### #.##.# #.#
########.##.##


You could see Edmund.

Vanquished Creatures
  2 ogres (D:4)
  A big kobold (Sewer)
  A hound (D:2)
  An orc wizard (D:4)
  2 worker ants (D:4)
  6 adders
  2 river rats (Sewer)
  3 oozes
  4 worms
  An adder skeleton (D:4)
  9 giant geckos
  6 orcs
  3 ball pythons
  6 bats
  3 goblins
  11 hobgoblins
  7 jackals
  14 kobolds
  A quokka (D:2)
  7 giant cockroaches
  2 giant newts (D:3)
  A jackal skeleton (D:4)
  8 rats
101 creatures vanquished.

Notes
Turn   | Place    | Note
--------------------------------------------------------------
     0 | D:1      | Flanowski the Vine Stalker Assassin began the quest for the Orb.
     0 | D:1      | Reached XP level 1. HP: 11/11 MP: 2/2
    40 | D:1      | Reached skill level 5 in Stealth
   198 | D:1      | Reached XP level 2. HP: 15/15 MP: 3/3
   209 | D:1      | Reached skill level 1 in Dodging
   712 | D:1      | Reached XP level 3. HP: 18/18 MP: 4/4
   845 | D:2      | Found a burning altar of Makhleb.
   862 | D:2      | Reached skill level 6 in Stealth
   862 | D:2      | Reached XP level 4. HP: 15/23 MP: 5/5
  1679 | D:3      | Reached XP level 5. HP: 19/26 MP: 6/6
  1688 | D:3      | Found a glowing drain.
  1695 | Sewer    | Entered a sewer
  2048 | Sewer    | Gained mutation: You heal very quickly. [Vine Stalker growth]
  2048 | Sewer    | Reached XP level 6. HP: 31/31 MP: 7/7
  2705 | D:4      | Reached skill level 7 in Stealth
  2857 | D:4      | Reached XP level 7. HP: 3/35 MP: 5/8
  3016 | D:5      | Entered Level 5 of the Dungeon
  3018 | D:5      | Found a sand-covered staircase.
  3028 | D:5      | Noticed Edmund
  3177 | D:3      | Slain by Edmund

Action                   |  1- 3 |  4- 6 |  7- 9 || total
-------------------------+-------+-------+-------++-------
Melee: Dagger            |    68 |   282 |    50 ||   400
  Use: Scroll            |       |     6 |       ||     6
 Stab: Sleeping          |     6 |    20 |       ||    26
  Eat: Chunk             |       |     6 |     1 ||     7
       Fruit             |       |     1 |       ||     1
